 Dungeon Crawl Stone Soup version 0.28-a0-1506-g3893175d92 (webtiles) character file.

Game seed: 15032873406397986465

49884 a3don the Tainter (level 14, -6/86 HPs)
             Began as a Gargoyle Venom Mage on Jan 13, 2022.
             Was the Champion of Fedhas.
             Mangled by a wyvern (13 damage)
             ... on level 6 of the Lair of Beasts on Jan 14, 2022.
             The game lasted 02:31:53 (30692 turns).

a3don the Tainter (Gargoyle Venom Mage)            Turns: 30692, Time: 02:31:54

Health: -6/86      AC: 22    Str: 18    XL:     14   Next: 52%
Magic:  9/26       EV: 13    Int: 21    God:    Fedhas [******]
Gold:   935        SH:  0    Dex: 10    Spells: 14/29 levels left

rFire   + . .      SeeInvis .   a - staff of poison
rCold   . . .      Faith    .   (no shield)
rNeg    + . .      Spirit   .   e - +1 robe {rF+}
rPois   ∞          Reflect  .   (no helmet)
rElec   +          Harm     .   Y - +0 cloak
rCorr   .          Rampage  .   E - +1 pair of gloves
Will    +....                   g - +1 pair of boots
Stlth   ++........              n - amulet of the acrobat
HPRegen 0.24/turn               x - +6 ring of strength
MPRegen 0.20/turn               F - +4 ring of protection

@: flying
A: sickness immunity, AC +10, big wings, negative energy resistance 1,
electricity resistance, torment resistance 1, petrification resistance
a: Renounce Religion, Wall of Briars, Grow Ballistomycete, Overgrow, Grow Oklob


You were on level 6 of the Lair of Beasts.
You worshipped Fedhas.
Fedhas was exalted by your worship.
You visited 3 branches of the dungeon, and saw 20 of its levels.

You collected 1117 gold pieces.
You spent 182 gold pieces at shops.

Inventory:

Hand Weapons
 b - a +2 hunting sling of flaming
 D - a +3 vorpal flail
Missiles
 c - 104 sling bullets
 d - 464 stones
 i - 12 poisoned darts (quivered)
 j - 2 atropa-tipped darts
 N - a throwing net
Armour
 e - a +1 robe of fire resistance (worn)
 g - a +1 pair of boots (worn)
 E - a +1 pair of gloves (worn)
 Y - a +0 cloak (worn)
Magical Staves
 a - a staff of poison (weapon)
 K - a staff of fire
Jewellery
 n - an amulet of the acrobat (around neck)
 p - a +6 ring of strength
 x - a +6 ring of strength (left hand)
 F - a +4 ring of protection (right hand)
 J - a ring of see invisible
Wands
 I - a wand of polymorph (5)
 M - a wand of charming (4)
 O - a wand of iceblast (28)
 V - a wand of digging (15)
 W - a wand of acid (2)
Scrolls
 k - 2 scrolls of enchant weapon {unknown}
 r - 6 scrolls of teleportation
 u - a scroll of acquirement {unknown}
 v - 2 scrolls of fog {unknown}
 w - 4 scrolls of fear
 y - 3 scrolls of magic mapping
 A - a scroll of identify
 C - a scroll of holy word {unknown}
 H - 3 scrolls of blinking
Potions
 f - a potion of might
 h - 2 potions of resistance
 l - a potion of invisibility {unknown}
 m - 2 potions of ambrosia
 q - 2 potions of brilliance
 s - 2 potions of attraction
 t - a potion of magic {unknown}
 z - a potion of haste
 B - 9 potions of curing
 L - a potion of degeneration {unknown}
 Q - 4 potions of lignification {unknown}
 T - a potion of cancellation {unknown}
 U - 2 potions of heal wounds
Miscellaneous
 o - a phantom mirror
 P - a phial of floods
 S - a condenser vane


   Skills:
 + Level 9.1 Fighting
 - Level 1.4 Staves
 + Level 5.5 Dodging
 - Level 2.5 Stealth
 + Level 8.0 Spellcasting
 + Level 8.1 Conjurations
 + Level 7.1 Transmutations
 + Level 6.8 Air Magic
 * Level 10.2 Earth Magic
 + Level 11.5 Poison Magic
 + Level 6.6 Invocations
 - Level 5.0 Evocations


You had 14 spell levels left.
You knew the following spells:

 Your Spells              Type           Power      Damage    Failure   Level
a - Sting                 Tmut/Pois      100%       1d8       1%          1
b - Poisonous Vapours     Pois/Air       100%       N/A       1%          2
c - Olgreb's Toxic Radia  Pois           71%        N/A       1%          4
d - Mephitic Cloud        Conj/Pois/Air  62%        N/A       1%          3
e - Stone Arrow           Conj/Erth      94%        3d12      1%          3
f - Passwall              Tmut/Erth      37%        N/A       1%          2

Your spell library contained the following spells:

 Spells                   Type           Power      Damage    Failure   Level
 Sandblast                Erth           100%       2d20      1%          1
 Confusing Touch          Hex            8%         N/A       24%         3
 Yara's Violent Unravell  Hex/Tmut       11%        3d6       45%         5
 Enfeeble                 Hex            4%         N/A       100%        7


Dungeon Overview and Level Annotations

Branches:
Dungeon (13/15)            Temple (1/1) D:7            Lair (6/6) D:10
 Shoals (0/4) Lair:4       Spider (0/4) Lair:4        Slime (0/5) Lair:6
    Orc: D:9-12      Vaults: D:13-14

Altars:
Cheibriados
Fedhas
Hepliaklqana
Nemelex Xobeh
Zin

Shops:
D:4 !   D:7 ?   D:9 (

Annotations:
D:8 4 runed translucent doors, Harold
D:12 Fannar
Lair:2 1 runed translucent door, Roefeuw's ghost, journeyman OgHu


Innate Abilities, Weirdness & Mutations

You are immune to sickness and miasma.
Your stone body is resilient. (AC +10)
You are immune to poison.
Your large and strong wings let you fly.
You resist negative energy. (rN+)
You are resistant to electric shocks. (rElec)
You are resistant to unholy torment.
You are immune to petrification.


Message History

The wyvern bites the plant.
The water moccasin barely misses you.
The elephant tramples you but does no damage.
The elephant trunk-slaps you but does no damage.
The wyvern hisses menacingly.
The wyvern bites the plant.
The water moccasin closely misses you.
Press: ? - help, v - describe, . - travel The floor.
You are splashed with acid.
* * * LOW HITPOINT WARNING * * *
You are splashed with acid!
* * * LOW HITPOINT WARNING * * *
The komodo dragon hisses angrily.
A water moccasin comes into view.
The wall burns the elephant!
The water moccasin moves out of view.
A nearby fungus withers and dies.
The wall burns the wyvern!
The wall burns the komodo dragon!
The wall burns the elephant!
You see here a water moccasin skeleton.
The wall burns the wyvern!
The wyvern hisses menacingly.
The wall burns the komodo dragon!
The wall burns the elephant!
The wall burns the wyvern!
Okay, then.
A briar patch grows up from the ground. x4; A nearby plant withers and dies.
The water moccasin bites you but does no damage.
The wyvern bites you!
* * * LOW HITPOINT WARNING * * *
The wall burns the wyvern!
The wall burns the komodo dragon!
The komodo dragon bites your briar patch!!
Your briar patch is destroyed!
Your briar patch disappears in a puff of smoke!
The water moccasin misses you. The wyvern closely misses you.
Blink to where?
Press: ? - help, Dir - move target, p - water moccasin
As you read the scroll of blinking, it crumbles to dust.
The water moccasin hisses angrily.
The wall burns the komodo dragon!
The wyvern barely misses you. The wyvern bites you!
You die...
Fedhas appreciates your contribution to the ecosystem.

...........####
.............#
.....#......#
#.#..#......##.. #
##.#..#...)......
####P##.......#...#..#..
.............###S.#...#
.........†.l..##.....#
.........S@SS.#.#.......
...##.#...#l............
.. #.....##Y#l...>...#.
. #......##.P§..........
...P......PP#.#.....#.
............#......##
....P......###..#.#.#
..####...... ..#..##
#.P... ... ..


You could see an elephant, a komodo dragon, 3 water moccasins and 2 wyverns.

Vanquished Creatures
  Nessos (Lair:4)
  A boulder beetle (D:8)
  A hydra (Lair:3)
  A catoblepas (Lair:4)
  A centaur warrior (D:13)
  5 two-headed ogres
  5 death yaks
  An orc knight (D:11)
  Pikel (D:5)
  2 cyclopes
  21 elephants
  A manticore (Lair:4)
  2 torpor snails
  9 cane toads
  Maggie (D:6)
  An eye of devastation (Lair:6)
  A rime drake (Lair:4)
  10 komodo dragons
  A kobold demonologist (D:9)
  3 trolls
  4 polar bears
  A wind drake (Lair:4)
  4 slime creatures
  Prince Ribbit (D:6)
  A hornet (D:7)
  8 dream sheep
  15 blink frogs
  6 jumping spiders (Lair:4)
  9 wyverns
  2 spriggans (Lair:2)
  Eustachio (D:4)
  39 yaks
  A redback (Lair:4)
  3 basilisks
  A steam dragon (D:8)
  Edmund (D:4)
  5 vampire mosquitoes
  11 water moccasins
  2 acid dragons (D:11)
  A floating eye (Lair:6)
  2 hell hounds (Lair:3)
  6 orc warriors
  2 sky beasts
  An ice beast (D:8)
  3 black bears
  2 ogres (D:5)
  16 wolves
  10 centaurs
  2 phantoms
  Blork the orc (D:4)
  2 kobold brigands
  12 bullfrogs
  2 gnoll sergeants (D:6)
  3 scorpions
  2 water moccasin zombies
  A wyvern skeleton (D:6)
  14 wights (D:8)
  6 howler monkeys
  2 electric eels (Lair:3)
  4 centaur zombies
  8 orc priests
  Crazy Yiuf (D:7)
  A centaur skeleton (D:4)
  A gnoll shaman (D:6)
  A jelly (D:5)
  An iguana (D:3)
  5 orc wizards
  A killer bee zombie (D:8)
  3 howler monkey zombies
  10 gnolls (D:6)
  8 adders
  A howler monkey skeleton (D:7)
  A shadow imp (D:8)
  4 white imps
  An adder skeleton (D:2)
  A worm (D:3)
  53 orcs
  6 ball pythons
  5 bats
  11 endoplasms
  5 giant cockroaches
  8 goblins
  5 hobgoblins
  4 jackals (D:2)
  13 kobolds
  4 quokkas
  2 frilled lizards
  5 rats
  A ballistomycete spore (Lair:4)
448 creatures vanquished.

Vanquished Creatures (collateral kills)
  3 ballistomycete spores (Lair:4)
3 creatures vanquished.

Vanquished Creatures (others)
  A ballistomycete spore (Lair:4)
  A bush (Lair:5)
  63 fungi
  168 plants
233 creatures vanquished.

Grand Total: 684 creatures vanquished

Notes
Turn   | Place    | Note
-------+----------+-------------------------------------------
     0 | D:1      | a3don the Gargoyle Venom Mage began the quest for the Orb.
     0 | D:1      | Reached XP level 1. HP: 10/10 MP: 3/3
   117 | D:1      | Found a faded altar of an unknown god.
   212 | D:1      | Reached skill level 1 in Transmutations
   212 | D:1      | Reached XP level 2. HP: 14/15 MP: 1/5
   215 | D:1      | Learned a level 2 spell: Poisonous Vapours
   897 | D:1      | Reached XP level 3. HP: 19/19 MP: 3/6
  1254 | D:2      | Reached skill level 1 in Fighting
  1254 | D:2      | Reached XP level 4. HP: 9/25 MP: 7/7
  1560 | D:2      | Reached skill level 1 in Staves
  1848 | D:2      | Reached XP level 5. HP: 29/29 MP: 5/8
  2024 | D:2      | Reached skill level 1 in Evocations
  2886 | D:2      | Learned a level 4 spell: Olgreb's Toxic Radiance
  3541 | D:3      | Reached skill level 4 in Poison Magic
  3541 | D:3      | Reached XP level 6. HP: 35/35 MP: 1/10
  3966 | D:3      | Found a blossoming altar of Fedhas.
  3975 | D:3      | Became a worshipper of Fedhas Madash
  4217 | D:3      | Learned a level 3 spell: Mephitic Cloud
  4930 | D:4      | Noticed Blork the orc
  4950 | D:4      | Killed Blork the orc
  5136 | D:4      | Found Veanast's Distillery.
  5144 | D:4      | Bought a potion of heal wounds for 70 gold pieces
  5144 | D:4      | Bought a potion of curing for 42 gold pieces
  5296 | D:4      | Noticed Edmund
  5354 | D:4      | Killed Edmund
  5355 | D:4      | Reached XP level 7. HP: 40/40 MP: 4/11
  5367 | D:4      | Reached skill level 1 in Air Magic
  5648 | D:4      | Noticed Eustachio
  5685 | D:4      | Killed Eustachio
  5686 | D:4      | Reached skill level 5 in Poison Magic
  5939 | D:5      | Entered Level 5 of the Dungeon
  6110 | D:5      | Reached XP level 8. HP: 46/46 MP: 9/13
  6248 | D:5      | Noticed Pikel
  6268 | D:5      | Killed Pikel
  6269 | D:5      | Reached skill level 6 in Poison Magic
  7078 | D:6      | Learned a level 3 spell: Stone Arrow
  7081 | D:6      | Learned a level 2 spell: Passwall
  7110 | D:6      | Reached XP level 9. HP: 52/52 MP: 7/15
  7164 | D:6      | Reached * piety under Fedhas
  7248 | D:6      | Noticed Prince Ribbit
  7266 | D:6      | Killed Prince Ribbit
  7267 | D:6      | Reached skill level 1 in Conjurations
  7267 | D:6      | Reached skill level 1 in Earth Magic
  7682 | D:6      | Reached skill level 7 in Poison Magic
  8194 | D:6      | Noticed Maggie
  8217 | D:6      | Killed Maggie
  8218 | D:6      | Reached skill level 5 in Fighting
  8359 | D:6      | Reached skill level 5 in Spellcasting
  8359 | D:6      | Reached XP level 10. HP: 46/59 MP: 17/17
  8853 | D:6      | Identified the +5 ring mail of Qazlal's Generosity {Stlth+}
  9345 | D:6      | Reached skill level 8 in Poison Magic
 10379 | D:7      | Found Otsapritt's Magic Scroll Emporium.
 10389 | D:7      | Reached ** piety under Fedhas
 10590 | D:7      | Bought a scroll of teleportation for 42 gold pieces
 10590 | D:7      | Bought a scroll of identify for 28 gold pieces
 10777 | D:7      | Found a runed translucent door.
 10778 | D:7      | Noticed Crazy Yiuf
 10787 | D:7      | Killed Crazy Yiuf
 11037 | D:7      | Found a staircase to the Ecumenical Temple.
 11394 | D:8      | Found a large runed translucent door.
 11394 | D:8      | Found a large runed translucent door.
 11397 | D:8      | Found a large runed translucent door.
 11397 | D:8      | Found a large runed translucent door.
 11400 | D:8      | Noticed a gargoyle
 11400 | D:8      | Noticed a two-headed ogre
 11400 | D:8      | Noticed Harold
 11433 | D:8      | Noticed a two-headed ogre
 11466 | D:8      | Killed a two-headed ogre
 11632 | D:8      | Reached skill level 5 in Evocations
 11711 | D:8      | Noticed a cyclops
 11756 | D:8      | Killed a cyclops
 11757 | D:8      | Reached XP level 11. HP: 24/64 MP: 19/19
 11964 | D:8      | Noticed a two-headed ogre
 12021 | D:8      | Killed a two-headed ogre
 12022 | D:8      | Reached skill level 1 in Invocations
 12220 | D:8      | Noticed a two-headed ogre
 12276 | D:8      | Killed a two-headed ogre
 12277 | D:8      | Reached skill level 5 in Transmutations
 12277 | D:8      | Reached skill level 5 in Earth Magic
 12277 | D:8      | Reached skill level 9 in Poison Magic
 12578 | Temple   | Entered the Ecumenical Temple
 13588 | D:8      | Reached *** piety under Fedhas
 14106 | D:8      | Noticed a boulder beetle
 14123 | D:8      | Killed a boulder beetle
 14486 | D:9      | Found Zahekiad's Weapon Emporium.
 15157 | D:9      | Reached skill level 5 in Conjurations
 15426 | D:10     | Entered Level 10 of the Dungeon
 16333 | D:10     | Found a staircase to the Lair.
 17029 | D:11     | You fall into a shaft and drop 2 floors!
 17029 | D:13     | Noticed a centaur warrior
 17049 | D:13     | Killed a centaur warrior
 17049 | D:13     | Reached **** piety under Fedhas
 17050 | D:13     | Reached XP level 12. HP: 16/71 MP: 8/21
 17344 | D:13     | Noticed a two-headed ogre
 17368 | D:13     | Killed a two-headed ogre
 17369 | D:13     | Reached skill level 5 in Air Magic
 17511 | D:13     | Noticed a tengu warrior
 17539 | D:13     | Noticed a two-headed ogre
 17539 | D:13     | a dream sheep changed into a two-headed ogre
 17572 | D:12     | Noticed Fannar
 17574 | D:12     | Noticed a two-headed ogre
 18281 | D:11     | Reached skill level 10 in Poison Magic
 18672 | D:11     | Noticed a two-headed ogre
 18721 | D:11     | Killed a two-headed ogre
 19193 | D:11     | Noticed a five-headed hydra
 19196 | D:11     | Noticed a centaur warrior
 19262 | D:11     | HP: 2/72 [five-headed hydra (5)]
 19542 | Lair:1   | Entered Level 1 of the Lair of Beasts
 20978 | Lair:1   | Reached ***** piety under Fedhas
 21612 | Lair:2   | Reached XP level 13. HP: 78/78 MP: 15/23
 21983 | Lair:2   | Found a blossoming altar of Fedhas.
 22055 | Lair:2   | Reached skill level 5 in Invocations
 22154 | Lair:2   | Found a runed translucent door.
 22154 | Lair:2   | Noticed Roefeuw's ghost (journeyman OgHu)
 23809 | Lair:3   | Found a snail-covered altar of Cheibriados.
 25195 | Lair:3   | Reached skill level 11 in Poison Magic
 26414 | Lair:4   | Noticed Nessos
 26440 | Lair:4   | Killed Nessos
 26560 | Lair:4   | Found a hole to the Spider Nest.
 27069 | Lair:4   | Found a staircase to the Shoals.
 27086 | Lair:4   | Reached skill level 5 in Dodging
 27846 | Lair:4   | Gained mutation: Your large and strong wings let you fly.
                  | [Gargoyle growth]
 27846 | Lair:4   | Reached XP level 14. HP: 67/84 MP: 19/25
 28286 | Lair:5   | Reached ****** piety under Fedhas
 29001 | Lair:4   | Identified the +5 dagger of Igonedgh {vorpal, rElec rF-
                  | Str+7}
 29313 | Lair:6   | Entered Level 6 of the Lair of Beasts
 29426 | Lair:5   | Reached skill level 10 in Earth Magic
 30113 | Lair:6   | Found a staircase to the Slime Pits.
 30692 | Lair:6   | Mangled by a wyvern

Illustrated notes

Levels and vault maps discovered:
D:1:      dpeg_arrival_arbitrary_c, layout_rooms, basic_ecumenical_altar
D:2:      layout_rooms
D:3:      layout_basic, fedhas_altar_fruit_tree, minmay_bisected
D:4:      layout_basic, serial_shops, shop, uniq_blork_the_orc, uniq_edmund,
          uniq_eustachio
D:5:      layout_loops_cross, uniq_pikel
D:6:      layout_loops_cross, uniq_prince_ribbit1, uniq_maggie
D:7:      layout_cave_pools, minmay_temple_entry_proselytizer, serial_shops,
          shop, serial_rivers, chequers_serial_rivers_marsh,
          chequers_serial_rivers_large_b, chequers_serial_rivers_marsh,
          chequers_serial_rivers_small_a, st_stairs_8, uniq_crazy_yiuf_cottage
D:8:      layout_basic, enter_bailey_4, minmay_hollow_rounded_squares,
          uniq_harold
D:9:      layout_basic, serial_shops, nicolae_shop_bloodbath_and_beyond,
          grunt_ministairs_9
D:10:     layout_loops_ring, david_lair_generic, nicolae_fountain_basement
D:11:     layout_long_grid, david_orc_5, kennysheep_generic_room_9, uniq_sonja
D:12:     layout_rooms, uniq_fannar
D:13:     kennysheep_kobold_lugonu_temple, layout_gridville
Temple:   nicolae_temple_the_god_donut
Lair:1:   layout_roguey
Lair:2:   wad_woods_stonehenge, layout_cave_pods,
          hellmonk_ghost_happy_afterlife, gauntlet_entry_generic
Lair:3:   layout_misc_corridors, basic_altar, enter_volcano_3, st_stairs_8,
          serial_bayou_shore_a, grunt_megastairs_2
Lair:4:   layout_roguey, minmay_shoals_entry_beasts,
          nicolae_spider_entry_tight_spaces, grunt_megastairs_3, uniq_nessos
Lair:5:   layout_loops_ring
Lair:6:   wormcave, layout_concentric_octagons, hangedman_lair_tendril_chambers,
          minmay_slime_entry_eyes, gammafunk_ghost_icy,
          chequers_serial_rivers_micro_e, serial_bayou_shore_b

Skill      XL: |  1  2  3  4  5  6  7  8  9 10 11 12 13 14 |
---------------+-------------------------------------------+-----
Transmutations | 1 2 3 4 5 6 7 |  7.1
Fighting       | 1 2 3 4 5 6 7 8 9 |  9.1
Staves         | 1 |  1.4
Evocations     | 1 2 3 4 5 |  5.0
Poison Magic   | 4 5 6 7 8 9 10 11 | 11.5
Spellcasting   | 3 4 5 6 7 8 |  8.0
Air Magic      | 1 2 3 4 5 6 |  6.8
Conjurations   | 2 4 5 6 7 8 |  8.1
Earth Magic    | 3 4 6 7 9 10 | 10.2
Dodging        | 2 3 4 5 |  5.5
Invocations    | 3 4 6 |  6.6
Stealth        | |  2.5

Action                   |  1- 3 |  4- 6 |  7- 9 | 10-12 | 13-15 || total
-------------------------+-------+-------+-------+-------+-------++-------
Melee: Unarmed           |     5 |       |       |       |       ||     5
       Club              |    10 |       |       |       |       ||    10
       Dagger            |     8 |       |       |       |       ||     8
       Short sword       |    10 |    15 |       |       |       ||    25
       Staff             |     1 |    53 |    67 |   108 |   243 ||   472
       Punch             |       |     2 |     1 |     4 |     6 ||    13
       Flail             |       |       |    15 |    89 |       ||   104
       Whip              |       |       |    15 |    56 |       ||    71
       Morningstar       |       |       |       |    27 |       ||    27
 Fire: Hunting sling     |       |     7 |    11 |    38 |     4 ||    60
Throw: Dart              |       |       |     1 |       |       ||     1
 Cast: Sting             |    36 |    60 |    47 |    92 |    31 ||   266
       Poisonous Vapours |     7 |    47 |    43 |   146 |   108 ||   351
       Olgreb's Toxic Ra |       |       |     7 |    35 |    52 ||    94
       Stone Arrow       |       |       |     4 |   107 |    80 ||   191
       Mephitic Cloud    |       |       |     1 |     2 |     3 ||     6
       Passwall          |       |       |       |     2 |       ||     2
Invok: Grow Ballistomyce |       |       |       |       |     1 ||     1
       Wall of Briars    |       |       |       |       |     1 ||     1
  Use: Potion            |     1 |     1 |       |     3 |       ||     5
       Scroll            |       |     3 |       |    17 |     6 ||    26
 Stab: Sleeping          |     2 |     3 |       |       |       ||     5
Armor: Robe              |    27 |    38 |    63 |   254 |   254 ||   636
Dodge: Dodged            |    53 |    79 |    81 |   358 |   329 ||   900

Table legend: (Time is in decaauts)
 A = Elapsed time spent in this place.
 B = Non-inter-level travel time spent in this place.
 C = Inter-level travel time spent in this place.
 D = Time resting spent in this place.
 E = Time spent auto-exploring this place.
 F = Levels seen in this place.
 G = Mean time per level.
                   A        B        C        D        E       F      G
               +--------+--------+--------+--------+--------+-----+--------+
         Total |  30914 |  29882 |   1032 |  13181 |  10873 |  20 | 1545.7 |
       Dungeon |  19913 |  19439 |    474 |   8418 |   6869 |  13 | 1531.8 |
        Temple |      1 |      1 |      0 |      0 |      0 |   1 |    1.0 |
          Lair |  10999 |  10442 |    557 |   4763 |   4003 |   6 | 1833.2 |
               +--------+--------+--------+--------+--------+-----+--------+

Top non-repeatable levels by time:
     D:6: 3048 daAuts
     D:8: 2847 daAuts
  Lair:2: 2453 daAuts
  Lair:4: 2362 daAuts
     D:2: 2337 daAuts
    D:10: 2279 daAuts
  Lair:3: 2110 daAuts
  Lair:5: 1938 daAuts
  Lair:1: 1880 daAuts
     D:7: 1558 daAuts
    D:11: 1433 daAuts
     D:3: 1428 daAuts
     D:4: 1153 daAuts
     D:9: 1135 daAuts
     D:5: 1092 daAuts
